 Dungeon Crawl Stone Soup version 0.32-a0-43-g058985b245 (webtiles) character file.

Game seed: 5379399628420105046

4438 roflturtle the Arsonist (level 10, -1/60 HPs)
             Began as a Tengu Fire Elementalist on Feb 4, 2024.
             Was an Initiate of Vehumet.
             Succumbed to a formless jellyfish's poison
             ... on level 8 of the Dungeon.
             The game lasted 00:32:14 (8940 turns).

roflturtle the Arsonist (Tengu Fire Elementalist)   Turns: 8940, Time: 00:32:15

Health: -1/60      AC:  3    Str: 11    XL:     10   Next: 36%
Magic:  2/18       EV: 17    Int: 17    God:    Vehumet [......]
Gold:   281        SH:  0    Dex: 21    Spells: 6/19 levels left

rFire   . . .        n - +2 hand axe (flame)
rCold   . . .        (no shield)
rNeg    . . .        a - +0 robe
rPois   .            (helmet restricted)
rElec   .            (no cloak)
rCorr   .            G - +0 pair of gloves
SInv    .            (boots unavailable)
Will    .....        (no amulet)
Stlth   ++           w - +6 ring of dexterity
HPRegen 0.30/turn    (no ring)
MPRegen 0.16/turn

%: acrobat
@: lethally poisoned (-1 -> -21), flying, constricted
A: beak, talons 3, evasive flight, acrobatic
a: Renounce Religion


You were on level 8 of the Dungeon.
You worshipped Vehumet.
Vehumet was noncommittal.
You visited 2 branches of the dungeon, and saw 9 of its levels.
You also visited: Sewer and Bailey.

You collected 301 gold pieces.
You spent 20 gold pieces at shops.

Inventory:

Hand Weapons
 n - a +2 hand axe of flaming (weapon)
 o - a +2 short sword of draining
 C - a +0 dagger of venom
 F - a +2 falchion of protection
 J - a +2 hand axe of venom
Missiles
 j - a throwing net
Armour
 a - a +0 robe (worn)
 G - a +0 pair of gloves (worn)
Jewellery
 h - an amulet of faith
 w - a +6 ring of dexterity (left hand)
 I - a ring of ice
Wands
 x - a wand of polymorph (7)
Scrolls
 c - 6 scrolls of identify
 g - 2 scrolls of vulnerability {unknown}
 l - a scroll of poison {unknown}
 m - a scroll of butterflies {unknown}
 p - a scroll of enchant armour {unknown}
 s - a scroll of brand weapon {unknown}
 t - 2 scrolls of fog {unknown}
 y - 3 scrolls of revelation {unknown}
 z - 2 scrolls of teleportation {unknown}
 B - a scroll of fear {unknown}
 D - 2 scrolls of acquirement {unknown}
 E - 2 scrolls of blinking {unknown}
Potions
 b - 3 potions of magic
 d - a potion of ambrosia {unknown}
 e - 6 potions of curing {unknown}
 f - 6 potions of enlightenment {unknown}
 i - 4 potions of heal wounds {unknown}
 k - a potion of invisibility {unknown}
 q - 3 potions of attraction {unknown}
 r - 2 potions of haste {unknown}
 u - a potion of degeneration {unknown}
 v - a potion of brilliance {unknown}
 A - a potion of mutation {unknown}
 H - a potion of resistance {unknown}


   Skills:
 - Level 6.0 Fighting
 - Level 6.1 Dodging
 - Level 2.0 Stealth
 + Level 5.2 Spellcasting
 - Level 7.0 Conjurations
 - Level 3.0 Hexes
 - Level 3.0 Translocations
 - Level 8.0 Fire Magic
 - Level 4.1 Evocations


You had 6 spell levels left.
You knew the following spells:

 Your Spells              Type           Power      Damage    Failure   Level
a - Foxfire               Conj/Fire      100%       2x1d9     1%          1
b - Scorch                Fire           62%        2d7       1%          2
c - Inner Flame           Hex/Fire       23%        N/A       4%          3
d - Volatile Blastmotes   Fire/Tloc      46%        2d13      4%          3
e - Flame Wave            Conj/Fire      30%        2d9       6%          4

Your spell library contained the following spells:

 Spells                   Type           Power      Damage    Failure   Level
 Magic Dart               Conj           100%       1d8       1%          1
 Blink                    Tloc           28%        N/A       6%          2
 Jinxbite                 Hex            28%        N/A       6%          2
 Mephitic Cloud           Conj/Alch/Air  12%        N/A       16%         3
 Call Imp                 Summ           8%         N/A       22%         2
 Mercury Vapours          Alch/Air       8%         N/A       22%         2
 Freezing Cloud           Conj/Ice/Air   6%         6-21      83%         5
 Yara's Violent Unravell  Hex/Alch       4%         3d4       91%         5
 Enfeeble                 Hex            7%         N/A       100%        7


Dungeon Overview and Level Annotations

Branches:
Dungeon (8/15)             Temple (1/1) D:7           Sewer (visited)
 Bailey (visited)
   Lair: D:8-11

Altars:
Ashenzari
Cheibriados
Dithmenos
Fedhas
Gozag
Hepliaklqana
Kikubaaqudgha
Makhleb
Nemelex Xobeh
Okawaru
Qazlal
Ru
Sif Muna
Trog
Uskayaw
Vehumet
Wu Jian
Xom
Yredelemnul
Zin
The Shining One

Shops:
D:5 *(   D:6 [

Annotations:
D:7 1 runed translucent door, DaftaChap's ghost, novice TrSh
Temple 2 transporters


Innate Abilities, Weirdness & Mutations

You have a beak for a mouth.
You have claws for feet.
Your magical flight helps you evade attacks. (EV +4)
You can magically evade attacks while moving or waiting.


Message History

The orc warlord hits you with a +5 broad axe!
There is an open gate here.
The orc warlord attacks as it pursues you!
The orc warlord completely misses you.
There is a gate leading back out of this place here.
The orc warlord hits you with a +5 broad axe!
* * * LOW HITPOINT WARNING * * *
Welcome back to the Dungeon!
There is an empty arch of ancient stone here.
Aiming: Polymorph
Press: ? - help, Shift-Dir - straight line, f - orc warlord
Aim: an orc warlord, wielding a +5 broad axe and wearing a +0 plate armour (lightly wounded, inner flame, will become a black draconian, a formless jellyfish, or a yellow draconian, chance to affect: 25%)
The orc warlord evaporates and reforms as a formless jellyfish!
Casting: Scorch (safe; 1% risk of failure)
Confirm with . or Enter, or press ? or * to list all spells.
Flames lash the formless jellyfish.
The formless jellyfish is moderately wounded.
The formless jellyfish's fire resistance burns away.
The formless jellyfish closely misses you.
The formless jellyfish grabs you. The formless jellyfish constricts you.
* * * LOW HITPOINT WARNING * * *
You escape the formless jellyfish's grasp.
You see here a +0 hand axe.
Casting: Scorch (safe; 1% risk of failure)
Confirm with . or Enter, or press ? or * to list all spells.
Flames lash the formless jellyfish.
The formless jellyfish is burned terribly!
The formless jellyfish is moderately wounded.
The formless jellyfish stings you.
* * * LOW HITPOINT WARNING * * *
You suddenly lose the ability to move!
You are lethally poisoned!
The formless jellyfish poisons you! The formless jellyfish grabs you.
The formless jellyfish constricts you.
* * * LOW HITPOINT WARNING * * *
You can move again.
You hit the formless jellyfish. You burn the formless jellyfish.
You claw the formless jellyfish.
The formless jellyfish is moderately wounded.
You die...

#..# #..# #.. ##.##
.. #..## ##
##..##### #..
#####......# #...
###..........#
..[..#.......#####.#
........)...## #
.......@J$.##
........)..#
...........#
..........##
..........#
..........#
..........#
...........


You could see a formless jellyfish (combustible).

Vanquished Creatures
  An unseen horror (D:7)
  Sigmund (D:3)
  Eustachio (D:6)
  2 water moccasins
  7 orc warriors (Bailey)
  2 ice beasts (D:5)
  A sky beast (D:6)
  2 black bears
  3 ogres
  2 centaurs
  3 phantoms
  6 kobold brigands
  Blork the orc (D:6)
  3 bullfrogs
  2 scorpions
  3 killer bees (D:8)
  2 howler monkeys (D:8)
  A jelly (D:6)
  3 orc priests
  5 hounds
  4 iguanas
  3 orc wizards
  3 sleepcaps
  A river rat (Sewer)
  11 adders
  9 gnolls
  A white imp (D:6)
  6 ufetubi
  2 dart slugs
  4 ribbon worms
  22 orcs
  9 ball pythons
  12 endoplasms
  6 giant cockroaches
  9 goblins
  12 hobgoblins
  4 jackals (D:2)
  20 kobolds
  2 quokkas
  7 bats
  5 frilled lizards
  27 rats
230 creatures vanquished.

Vanquished Creatures (collateral kills)
  3 foxfires (D:7)
3 creatures vanquished.

Vanquished Creatures (others)
  619 foxfires
619 creatures vanquished.

Grand Total: 852 creatures vanquished

Notes
Turn   | Place    | Note
-------+----------+-------------------------------------------
     0 | D:1      | roflturtle the Tengu Fire Elementalist began the quest for
                  | the Orb.
     0 | D:1      | Reached XP level 1. HP: 10/10 MP: 4/4
   133 | D:1      | Reached XP level 2. HP: 15/15 MP: 0/6
   281 | D:1      | Learned a level 2 spell: Scorch
   858 | D:1      | Reached XP level 3. HP: 19/19 MP: 7/7
   858 | D:1      | Found a faded altar of an unknown god.
  1042 | D:2      | Learned a level 3 spell: Inner Flame
  1236 | D:2      | Reached XP level 4. HP: 17/24 MP: 5/9
  1369 | D:2      | Reached skill level 4 in Fire Magic
  1810 | D:3      | Reached skill level 1 in Fighting
  1908 | D:3      | Noticed a phantom
  1917 | D:3      | Killed a phantom
  1918 | D:3      | Reached XP level 5. HP: 31/32 MP: 0/10
  2050 | D:3      | Noticed Sigmund
  2058 | D:3      | Killed Sigmund
  2059 | D:3      | Reached skill level 5 in Fire Magic
  2059 | D:3      | Reached XP level 6. HP: 37/37 MP: 1/11
  2363 | D:3      | Reached skill level 6 in Fire Magic
  2834 | D:4      | Noticed a black bear
  2841 | D:4      | Killed a black bear
  2842 | D:4      | Gained mutation: Your magical flight helps you evade
                  | attacks. (EV +4) [Tengu growth]
  2842 | D:4      | Reached XP level 7. HP: 41/41 MP: 5/12
  3057 | D:4      | Reached skill level 5 in Conjurations
  3687 | D:5      | Entered Level 5 of the Dungeon
  3718 | D:5      | Learned a level 3 spell: Volatile Blastmotes
  3812 | D:5      | Reached XP level 8. HP: 46/46 MP: 7/13
  3875 | D:5      | Reached skill level 7 in Fire Magic
  4038 | D:5      | Reached skill level 1 in Hexes
  4038 | D:5      | Reached skill level 1 in Translocations
  4167 | D:5      | Found Cemauhen's General Store.
  4175 | D:5      | Bought a scroll of identify for 20 gold pieces
  4616 | D:5      | Found Tisaesel's Weapon Shoppe.
  5107 | D:6      | Found a glowing drain.
  5116 | Sewer    | Entered a sewer
  5602 | Sewer    | Reached skill level 1 in Evocations
  5712 | Sewer    | Reached XP level 9. HP: 46/50 MP: 10/14
  6529 | D:6      | Reached skill level 8 in Fire Magic
  6569 | D:6      | Learned a level 4 spell: Flame Wave
  6807 | D:6      | Found Gutteppi's Antique Armour Shop.
  6933 | D:6      | Noticed Blork the orc
  6937 | D:6      | Killed Blork the orc
  6939 | D:6      | Noticed Eustachio
  6945 | D:6      | Killed Eustachio
  7008 | D:6      | Reached skill level 5 in Spellcasting
  7091 | D:6      | Found a shimmering altar of Xom.
  7119 | D:6      | Found an ancient bone altar of Kikubaaqudgha.
  7463 | D:7      | Found a runed translucent door.
  7463 | D:7      | Noticed DaftaChap's ghost (novice TrSh)
  7483 | D:7      | Killed an unseen horror
  7484 | D:7      | Reached skill level 5 in Dodging
  7649 | D:7      | Found a staircase to the Ecumenical Temple.
  7663 | Temple   | Found a transporter.
  7663 | Temple   | Found a transporter.
  7663 | Temple   | Found a transporter.
  7663 | Temple   | Found a transporter.
  7663 | Temple   | Entered the Ecumenical Temple
  7680 | Temple   | Became a worshipper of Vehumet
  7719 | D:7      | Reached XP level 10. HP: 52/56 MP: 12/18
  8275 | D:8      | Found a flagged portal.
  8336 | Bailey   | Entered a bailey
  8546 | Bailey   | Reached skill level 5 in Fighting
  8912 | Bailey   | Noticed an orc warlord
  8936 | D:8      | an orc warlord changed into a formless jellyfish
  8936 | D:8      | Noticed a formless jellyfish
  8939 | D:8      | Paralysed by a formless jellyfish for 1 turns
  8940 | D:8      | Succumbed to a formless jellyfish's poison

Illustrated notes

Levels and vault maps discovered:
D:1:      lemuel_arrival_cross, layout_basic, shapermc_ecumenical_altar_petra,
          minivault_25
D:2:      layout_basic
D:3:      layout_basic, minmay_rat_hole, uniq_sigmund
D:4:      layout_gridville
D:5:      layout_basic, serial_shops, nicolae_shop_rolling_square,
          nicolae_stop_n_shop_2, nicolae_kite_square_tiling_tiny,
          grunt_ministairs_14
D:6:      layout_loops_ring, mainiacjoe_overflow_two_lobes, serial_shops, shop,
          gup_sewer_entry_bowl, uniq_blork_the_orc, uniq_eustachio
D:7:      layout_cave_pools, minmay_temple_entry_proselytizer, serial_park,
          serial_park_tiny_1, serial_park_square1 [serial_park_minivault_5x5_7],
          serial_park_square2, serial_park_gazebo [serial_park_minivault_5x5_4],
          serial_park_tiny_2, gammafunk_ghost_grave
D:8:      layout_layer_cave, enter_bailey_2, minivault_19
Temple:   hellmonk_temple_divided_pantheon

Skill      XL: |  1  2  3  4  5  6  7  8  9 10 |
---------------+-------------------------------+-----
Conjurations   | 2 3 4 7 |  7.0
Spellcasting   | 3 5 |  5.2
Fire Magic     | 4 5 6 7 8 |  8.0
Fighting       | 3 6 |  6.0
Hexes          | 3 |  3.0
Translocations | 3 |  3.0
Dodging        | 3 6 |  6.1
Evocations     | 2 4 |  4.1
Stealth        | |  2.0

Action                     |  1- 3 |  4- 6 |  7- 9 | 10-12 || total
---------------------------+-------+-------+-------+-------++-------
  Melee: Unarmed           |     8 |       |       |       ||     8
         Kick              |     6 |     2 |    13 |     8 ||    29
         Short sword       |    17 |       |       |       ||    17
         Peck              |     7 |     1 |    10 |     6 ||    24
         Hand axe          |       |    28 |    55 |    17 ||   100
         Punch             |       |       |     1 |     1 ||     2
   Cast: Foxfire           |    41 |    71 |   186 |    69 ||   367
         Scorch            |       |     2 |    56 |    16 ||    74
         Flame Wave        |       |       |     1 |     4 ||     5
         Inner Flame       |       |       |     1 |     1 ||     2
         Volatile Blastmot |       |       |     1 |       ||     1
  Evoke: Wand              |       |       |       |     1 ||     1
   Stab: Sleeping          |       |     1 |       |       ||     1
 Armour: Robe              |    17 |     9 |    57 |    17 ||   100
  Dodge: Dodged            |    35 |    21 |   113 |    35 ||   204

Table legend: (Time is in decaauts)
 A = Elapsed time spent in this place.
 B = Non-inter-level travel time spent in this place.
 C = Inter-level travel time spent in this place.
 D = Time resting spent in this place.
 E = Time spent auto-exploring this place.
 F = Levels seen in this place.
 G = Mean time per level.
                   A        B        C        D        E       F      G
               +--------+--------+--------+--------+--------+-----+--------+
         Total |   8966 |   8784 |    182 |     86 |   7341 |  11 |  815.1 |
       Dungeon |   7452 |   7270 |    182 |     86 |   6165 |   8 |  931.5 |
        Temple |     32 |     32 |      0 |      0 |      0 |   1 |   32.0 |
         Sewer |    878 |    878 |      0 |      0 |    705 |   1 |  878.0 |
        Bailey |    602 |    602 |      0 |      0 |    471 |   1 |  602.0 |
               +--------+--------+--------+--------+--------+-----+--------+

Top non-repeatable levels by time:
     D:6: 1509 daAuts
     D:5: 1242 daAuts
     D:3: 1037 daAuts
     D:1: 909 daAuts
     D:2: 888 daAuts
   Sewer: 878 daAuts
     D:4: 859 daAuts
     D:7: 746 daAuts
  Bailey: 602 daAuts
     D:8: 259 daAuts
  Temple: 32 daAuts
